 Dungeon Crawl Stone Soup version 0.27.0-1-g7a089689b8 (webtiles) character file.

Game seed: 17754990236615048306

22 sanka the Magician (level 2, -4/13 HPs)
             Began as a Vine Stalker Hedge Wizard on Aug 1, 2021.
             Slain by a hobgoblin (5 damage)
             ... on level 1 of the Dungeon.
             The game lasted 00:01:42 (1628 turns).

sanka the Magician (Vine Stalker Hedge Wizard)      Turns: 1628, Time: 00:01:42

Health: -4/13      AC:  2    Str: 12    XL:     2   Next: 91%
Magic:  0/8        EV: 12    Int: 14    God:
Gold:   32         SH:  0    Dex: 13    Spells: 6/9 levels left

rFire    . . .     SeeInvis .   a - +0 dagger
rCold    . . .     Faith    .   (no shield)
rNeg     . . .     Spirit   +   b - +0 robe
rPois    .         Reflect  .   c - +0 hat
rElec    .         Harm     .   (no cloak)
rCorr    .         Rampage  .   (no gloves)
Will     .....                  (no boots)
Stlth    ++........             (no amulet)
HPRegen  0.04/turn              (no ring)
MPRegen  0.11/turn              (no ring)

@: no status effects
A: fangs 2, magic shield, antimagic bite, no potion heal 2
a: no special abilities


You were on level 1 of the Dungeon.
You visited 1 branch of the dungeon, and saw 2 of its levels.

You collected 32 gold pieces.


Innate Abilities, Weirdness & Mutations

You have extremely sharp teeth.
When hurt, damage is shared between your health and your magic reserves.
Your bite disrupts and absorbs the magic of your enemies.
Potions cannot restore your health.


   Skills:
 - Level 1.5 Dodging
 - Level 2.4 Stealth
 - Level 4.0 Spellcasting
 - Level 1.0 Conjurations
 + Level 1.7 Summonings
 - Level 1.0 Translocations


You had 6 spell levels left.
You knew the following spells:

 Your Spells              Type           Power      Damage    Failure   Level
x - Call Imp              Summ           7%         N/A       14%         2
z - Magic Dart            Conj           20%        1d4       13%         1

Your spell library contained the following spells:

 Spells                   Type           Power      Damage    Failure   Level
 Foxfire                  Conj/Fire      16%        2x1d4     16%         1
 Corona                   Hex            2%         N/A       19%         1
 Blink                    Tloc           N/A        N/A       19%         2
 Slow                     Hex            2%         N/A       28%         2
 Conjure Flame            Conj/Fire      4%         6-21      43%         3
 Mephitic Cloud           Conj/Pois/Air  3%         N/A       45%         3
 Inner Flame              Hex/Fire       2%         N/A       50%         3

Inventory:

Hand Weapons
 a - a +0 dagger (weapon)
Armour
 b - a +0 robe (worn)
 c - a +0 hat (worn)
Scrolls
 f - 2 scrolls of identify {unknown}
Potions
 d - a potion of might {unknown}
 e - 2 potions of magic {unknown}
 g - a potion of curing {unknown}

Dungeon Overview and Level Annotations

Branches:
Dungeon (2/15)

Altars:

▒...............▒ ▒
▒▒▒.▒▒▒▒▒▒▒.▒▒▒▒▒ ▒
▒.▒ ▒.▒ ▒
▒.▒▒▒▒▒▒▒.▒▒▒▒ ▒
▒............▒▒▒▒▒▒
▒▒▒▒▒▒▒.▒▒.▒▒.......
▒▒.▒▒ ▒.▒▒.▒▒..▒▒▒▒▒
▒▒...▒▒▒▒.▒▒.▒▒..▒ ▒
▒....f.......▒▒..▒▒▒▒▒
▒▒..g▒▒▒▒.▒...........
▒▒▒.▒▒ ▒.▒...▒..▒▒▒▒▒
▒...▒ ▒........▒ ▒
▒...▒ ▒▒▒...▒▒.▒▒▒▒▒
▒...▒ ▒▒.▒▒▒......
▒▒.▒▒ ▒.▒ ▒▒.▒▒.▒ ▒.▒
▒.▒ ▒.▒... ▒▒▒▒▒▒.▒
▒▒+▒▒▒▒.....


You could see a hobgoblin.


Message History

Your bite misses the hobgoblin.
The hobgoblin is heavily wounded.
The hobgoblin hits you.
* * * LOW HITPOINT WARNING * * *
You hit the hobgoblin but do no damage.
The hobgoblin is heavily wounded.
The hobgoblin hits you.
* * * LOW HITPOINT WARNING * * *
There is a stone staircase leading up here.
The hobgoblin hits you but does no damage.
You climb upwards.
There is a stone staircase leading down here.
Unknown command.
There is an open door here.
You miscast Magic Dart.
You are very lightly contaminated with residual magic.
Nothing appears to happen.
The hobgoblin barely misses you.
The magic dart hits the hobgoblin.
The hobgoblin is almost dead.
The hobgoblin hits you.
* * * LOW HITPOINT WARNING * * *
Unknown command.
Your magical contamination has completely faded away.
The magic dart hits the hobgoblin but does no damage.
The hobgoblin is almost dead.
The hobgoblin hits you.
* * * LOW HITPOINT WARNING * * *
The hobgoblin hits you.
You die...

Action                   || total
-------------------------++-------
Melee: Dagger            ||    12
       Bite              ||     1
 Cast: Magic Dart        ||    60
Armor: Robe              ||     3
Dodge: Dodged            ||    18

Levels and vault maps discovered:
D:1:      psy_arrival_whirlpool, layout_loops_corners,
          shapermc_ecumenical_altar_rom_forum, minmay_misc_feat_plants
D:2:      layout_basic, uniq_robin, uniq_terence, uniq_sigmund

Notes
Turn   | Place    | Note
-------+----------+-------------------------------------------
     0 | D:1      | sanka the Vine Stalker Hedge Wizard began the quest for the
                  | Orb.
     0 | D:1      | Reached XP level 1. HP: 9/9 MP: 5/5
   305 | D:1      | Found a faded altar of an unknown god.
   339 | D:1      | Got Plato's Volume of Hexes
   479 | D:1      | Reached XP level 2. HP: 13/13 MP: 3/7
   539 | D:1      | Learned a level 2 spell: Call Imp
   829 | D:1      | Reached skill level 4 in Spellcasting
  1611 | D:1      | HP: 1/13 [hobgoblin (2)]
  1623 | D:1      | HP: 1/13 [hobgoblin (1)]
  1628 | D:1      | Slain by a hobgoblin

Vanquished Creatures
  A dart slug (D:1)
  2 bats
  3 endoplasms (D:1)
  2 goblins
  A hobgoblin (D:1)
  2 jackals (D:1)
  A quokka (D:1)
  2 ball pythons
  A frilled lizard (D:1)
  A kobold (D:1)
  A rat (D:1)
17 creatures vanquished.
